 Dungeon Crawl Stone Soup version 0.29.1-1-gd02db6906a (webtiles) character file.

Game seed: 15698721022580964329

21996 groovy9 the Severer (level 12, -2/106 HPs)
             Began as a Hill Orc Fighter on Sept 24, 2022.
             Was a High Priest of Okawaru.
             Slain by a six-headed hydra (6 damage)
             ... on level 2 of the Lair of Beasts.
             The game lasted 00:52:35 (19670 turns).

groovy9 the Severer (Hill Orc Fighter)             Turns: 19670, Time: 00:52:36

Health: -2/106     AC: 18    Str: 30    XL:     12   Next: 95%
Magic:  18/18      EV:  8    Int:  8    God:    Okawaru [*****.]
Gold:   1017       SH:  5    Dex: 13    Spells: 11/11 levels left

rFire   + + .      SeeInvis .   b - +7 great mace "Firestarter" {inner flame, rF++}
rCold   + . .      Faith    .   (shield currently unavailable)
rNeg    . . .      Spirit   .   F - +0 plate armour
rPois   .          Reflect  +   (no helmet)
rElec   .          Harm     .   D - +0 cloak
rCorr   .          Rampage  .   m - +1 pair of gloves of the Earth {Will+ Dex+3}
Will    +....      Clarity  +   r - +0 pair of boots
Stlth   ..........              c - amulet of reflection
HPRegen 0.27/turn               o - +6 ring of strength
MPRegen 0.16/turn               n - ring of protection from cold

@: studying Spellcasting
A: hooves 1, clarity
a: Renounce Religion, Heroism, Finesse, Duel


You were on level 2 of the Lair of Beasts.
You worshipped Okawaru.
Okawaru was extremely pleased with you.
You visited 3 branches of the dungeon, and saw 14 of its levels.
You also visited: Sewer.

You collected 1017 gold pieces.

Inventory:

Hand Weapons
 a - a +3 vorpal broad axe
 b - the +7 great mace "Firestarter" (weapon) {inner flame, rF++}
   (You found it on level 10 of the Dungeon)

   It burns those it strikes, dealing additional fire damage.
   It fills those it strikes with an explosive inner flame.
   It grants immunity to clouds of flame.
   rF:        It greatly protects you from fire.
 i - a +1 flail of holy wrath
 w - a +0 longbow
Missiles
 q - a curare-tipped dart (quivered)
 y - 4 throwing nets
Armour
 h - a +0 kite shield of reflection
 m - the +1 pair of gloves of the Earth (worn) {Will+ Dex+3}
   (Okawaru gifted it to you on level 10 of the Dungeon)

   Dex:       It affects your dexterity (+3).
   Will:      It increases your willpower.
 r - a +0 pair of boots (worn)
 D - a +0 cloak (worn)
 F - a +0 plate armour (worn)
 I - the +1 ring mail "Ogimoy" {Str+7 Int+5 Stlth+}
   (You found it on level 1 of the Lair of Beasts)

   Str:       It affects your strength (+7).
   Int:       It affects your intelligence (+5).
   Stlth:     It makes you more stealthy.
Jewellery
 c - an amulet of reflection (around neck)
 n - a ring of protection from cold (right hand)
 o - a +6 ring of strength (left hand)
 t - a +6 ring of intelligence
Wands
 s - a wand of flame (20)
 z - a wand of acid (3)
 A - a wand of digging (3)
 C - a wand of roots (6)
 E - a wand of mindburst (10)
Scrolls
 e - 2 scrolls of teleportation
 g - a scroll of fog
 k - a scroll of amnesia
 l - 3 scrolls of magic mapping
 p - 3 scrolls of identify
 x - 3 scrolls of blinking
 G - a scroll of enchant armour
Potions
 d - 4 potions of mutation
 f - a potion of heal wounds
 j - 5 potions of curing
 u - 3 potions of ambrosia
 H - a potion of berserk rage {unknown}
Miscellaneous
 v - a phantom mirror
 B - a piece from Xom's chessboard (15/15)


   Skills:
 - Level 10.0 Fighting
 - Level 18.0(18.2) Axes
 * Level 4.1(10.8) Maces & Flails
 + Level 8.1 Armour
 - Level 14.6 Shields
 - Level 9.2 Invocations


You had 11 spell levels left.
You didn't know any spells.
Your spell library contained the following spells:

 Spells                   Type           Power      Damage    Failure   Level
 Foxfire                  Conj/Fire      0%         2x1d4     98%         1
 Freeze                   Ice            0%         1d3       98%         1
 Necrotise                Necr           0%         1d4       98%         1
 Ensorcelled Hibernation  Hex/Ice        0%         N/A       99%         2
 Passwall                 Tmut/Erth      0%         N/A       99%         2
 Poisonous Vapours        Pois/Air       0%         N/A       99%         2
 Conjure Flame            Conj/Fire      0%         6-21      100%        3
 Frozen Ramparts          Ice            0%         1d1       100%        3
 Inner Flame              Hex/Fire       0%         N/A       100%        3
 Swiftness                Air            0%         N/A       100%        3
 Vampiric Draining        Necr           0%         2d6       100%        3
 Corpse Rot               Necr/Pois/Air  0%         N/A       100%        4
 Flame Wave               Conj/Fire      0%         2d4       100%        4
 Hailstorm                Conj/Ice       0%         3d3       100%        4
 Agony                    Necr           0%         N/A       100%        5
 Borgnjor's Vile Clutch   Necr/Erth      0%         N/A       100%        5
 Fireball                 Conj/Fire      0%         3d3       100%        5
 Starburst                Conj/Fire      0%         6d3       100%        6
 Ignition                 Fire           0%         3d3       100%        8
 Animate Dead             Necr           Unusable   N/A       N/A         4
 Summon Ice Beast         Ice/Summ       Unusable   N/A       N/A         4
 Summon Mana Viper        Hex/Summ       Unusable   N/A       N/A         5
 Death Channel            Necr           Unusable   N/A       N/A         6
 Monstrous Menagerie      Summ           Unusable   N/A       N/A         7

Dungeon Overview and Level Annotations

Branches:
Dungeon (11/15)            Temple (1/1) D:4            Lair (2/5) D:11
  Sewer (visited)
  Swamp: Lair:2-3    Shoals: Lair:2-3     Snake: Lair:2-3    Spider: Lair:2-3
    Orc: D:9-12

Altars:
Ashenzari
Cheibriados
Dithmenos
Elyvilon
Fedhas
Gozag
Hepliaklqana
Kikubaaqudgha
Makhleb
Nemelex Xobeh
Okawaru
Qazlal
Ru
Sif Muna
Trog
Uskayaw
Vehumet
Wu Jian
Xom
Yredelemnul
Zin
The Shining One

Shops:
D:5 =   D:7 [

Annotations:
D:8 2 runed translucent doors, XxsatanxX's ghost, novice MiBe


Innate Abilities, Weirdness & Mutations

You have large cloven feet.
You possess an exceptional clarity of mind.


Message History

HP restored.
There is a stone staircase leading down, spattered with blood here.
You climb downwards.
The blink frog gives a loud, deep croak!
The wyvern bites you but does no damage.
The wyvern hisses menacingly.
You block the blink frog's attack. The wyvern bites you.
The six-headed hydra bites you! The six-headed hydra barely misses you.
The six-headed hydra bites you!
The six-headed hydra bites you but does no damage.
You block the six-headed hydra's attack.
The six-headed hydra bites you but does no damage.
The yak gores you but does no damage. The blink frog closely misses you.
The komodo dragon bites you!
The wyvern bites you but does no damage.
There is a stone staircase leading up, spattered with blood here.
You sock the six-headed hydra! You burn the six-headed hydra.
The six-headed hydra is filled with an inner flame.
The six-headed hydra is moderately wounded.
The six-headed hydra bites you. The six-headed hydra barely misses you.
The six-headed hydra bites you but does no damage.
The six-headed hydra closely misses you.
The six-headed hydra bites you but does no damage.
You block the six-headed hydra's attack.
You block the blink frog's attack. The yak gores you but does no damage.
The wyvern bites you but does no damage.
You block the komodo dragon's attack. The six-headed hydra bites you.
The six-headed hydra bites you! The six-headed hydra barely misses you.
The six-headed hydra bites you. x2
The six-headed hydra closely misses you.
You barely miss the six-headed hydra.
The six-headed hydra is moderately wounded.
The wyvern bites you!
The blink frog blinks!
The yak barely misses you. You block the wyvern's attack.
The komodo dragon bites you!!
* * * LOW HITPOINT WARNING * * *
The six-headed hydra bites you.
* * * LOW HITPOINT WARNING * * *
The six-headed hydra bites you but does no damage.
The six-headed hydra bites you.
You die...

......#........
...............
...).......#F..
.#..........#..
...P.........
.P.........#
.......Dl..#
#.@l..#
.......Yl..P#
.#.#.#.....## #
.......#
.##....... ..
#.....#.. ..
#....## . ...
#.....


You could see a six-headed hydra (inner flame), a komodo dragon, a yak, a blink
frog and 2 wyverns.

Vanquished Creatures
  A boulder beetle (D:9)
  3 hydras
  A centaur warrior (D:9)
  2 two-headed ogres (D:10)
  Erica (D:8)
  A tengu warrior (D:9)
  Maurice (D:9)
  An elephant (D:11)
  2 black mambas (Lair:1)
  A gargoyle (D:11)
  2 cane toads (Lair:1)
  Psyche (D:8)
  An efreet (D:9)
  A kobold demonologist (D:9)
  An unseen horror (D:9)
  A rime drake (Lair:1)
  A polar bear (Lair:1)
  3 blink frogs (Lair:1)
  A shadow (D:9)
  4 fire bats (D:10)
  A vampire (D:11)
  2 wraiths
  A wyvern (D:9)
  23 yaks
  2 fire elementals (D:10)
  7 vampire mosquitoes
  A steam dragon (D:9)
  4 water moccasins
  2 acid dragons
  Duvessa (D:4)
  3 black bears
  A sky beast (D:7)
  5 orc warriors
  3 ogres
  3 ice beasts
  9 centaurs
  A phantom (D:5)
  6 kobold brigands
  2 gnoll sergeants (D:9)
  7 bullfrogs
  2 necrophages
  5 scorpions
  2 wights (D:9)
  Dowan (D:4)
  21 killer bees
  An electric eel (D:6)
  5 howler monkeys
  2 hounds
  4 orc priests
  A gnoll bouda (D:8)
  5 orc wizards
  7 iguanas
  21 gnolls
  7 adders
  3 river rats (Sewer)
  A shadow imp (D:6)
  2 white imps
  2 ufetubi
  9 worms
  8 dart slugs
  36 orcs
  12 ball pythons
  8 endoplasms
  4 goblins
  18 hobgoblins
  5 quokkas
  8 bats
  3 frilled lizards
  59 kobolds
  13 rats
389 creatures vanquished.

Vanquished Creatures (others)
  A manticore (D:9)
  An unseen horror simulacrum (D:9)
  A fungus (Lair:1)
  4 plants (Lair:2)
7 creatures vanquished.

Grand Total: 396 creatures vanquished

Notes
Turn   | Place    | Note
-------+----------+-------------------------------------------
     0 | D:1      | groovy9 the Hill Orc Fighter began the quest for the Orb.
     0 | D:1      | Reached XP level 1. HP: 19/19 MP: 1/1
    26 | D:1      | Reached skill level 3 in Axes
   193 | D:1      | Reached XP level 2. HP: 26/26 MP: 2/2
   273 | D:1      | Reached skill level 4 in Axes
   276 | D:1      | Reached XP level 3. HP: 3/31 MP: 3/3
   795 | D:1      | Reached skill level 5 in Axes
  1571 | D:2      | Reached XP level 4. HP: 38/39 MP: 4/4
  1629 | D:2      | Found an ancient bone altar of Kikubaaqudgha.
  2168 | D:3      | Reached skill level 6 in Axes
  2278 | D:3      | Identified a scroll of acquirement
  2278 | D:3      | Acquired a +1 vorpal broad axe
  2584 | D:3      | Reached XP level 5. HP: 41/45 MP: 5/5
  2634 | D:3      | Found a faded altar of an unknown god.
  2936 | D:4      | Noticed Duvessa
  2936 | D:4      | Noticed Dowan
  2952 | D:4      | Killed Duvessa
  2953 | D:4      | Reached skill level 8 in Axes
  2953 | D:4      | Reached XP level 6. HP: 40/51 MP: 6/6
  2964 | D:4      | Killed Dowan
  3158 | D:4      | Reached skill level 9 in Axes
  3474 | D:4      | Reached XP level 7. HP: 53/57 MP: 7/7
  3508 | D:4      | Found a staircase to the Ecumenical Temple.
  3544 | Temple   | Entered the Ecumenical Temple
  3723 | D:4      | Reached skill level 10 in Axes
  4002 | D:4      | Reached skill level 11 in Axes
  4355 | D:4      | Reached XP level 8. HP: 55/64 MP: 8/8
  4550 | D:5      | Entered Level 5 of the Dungeon
  4584 | D:5      | Found Ycham's Jewellery Shoppe.
  4697 | D:5      | Gained mutation: You have hidden genetic potential. [potion
                  | of mutation]
  4749 | D:5      | Reached skill level 5 in Shields
  5550 | D:6      | Found an opulent altar of Gozag.
  5629 | D:6      | Found a glowing drain.
  5647 | Sewer    | Entered a sewer
  6056 | Sewer    | Reached skill level 10 in Shields
  6408 | Sewer    | Reached XP level 9. HP: 53/70 MP: 9/9
  6605 | D:6      | Gained mutation: You have large cloven feet. [hidden
                  | potential]
  7386 | D:6      | Found a glowing silver altar of Zin.
  7394 | D:6      | Found a sacrificial altar of Ru.
  8743 | D:7      | Found Raotzooz's Armour Shop.
  8910 | D:7      | Found a stormy altar of Qazlal.
  8910 | D:7      | Found an iron altar of Okawaru.
  8911 | D:7      | Found an ornate altar of the Wu Jian Council.
  9111 | D:7      | Found a snail-covered altar of Cheibriados.
  9429 | D:7      | Reached skill level 12 in Axes
  9553 | D:7      | Became a worshipper of Warmaster Okawaru
  9692 | D:8      | Found a radiant altar of Vehumet.
  9722 | D:8      | Noticed Erica
  9731 | D:8      | Killed Erica
  9732 | D:8      | Reached skill level 5 in Fighting
  9732 | D:8      | Reached skill level 13 in Axes
  9732 | D:8      | Reached XP level 10. HP: 28/83 MP: 10/10
  9737 | D:8      | Gained mutation: You possess an exceptional clarity of
                  | mind. [hidden potential]
  9737 | D:8      | Lost mutation: You have hidden genetic potential. [hidden
                  | potential expressed]
 10332 | D:8      | Noticed Psyche
 10336 | D:8      | Killed Psyche
 10336 | D:8      | Reached * piety under Okawaru
 10610 | D:8      | Found a large runed translucent door.
 10611 | D:8      | Found a large runed translucent door.
 10621 | D:8      | Noticed XxsatanxX's ghost (novice MiBe)
 11410 | D:8      | Reached skill level 1 in Invocations
 11791 | D:9      | Noticed Maurice
 11807 | D:9      | Killed Maurice
 11808 | D:9      | Reached skill level 5 in Invocations
 11808 | D:9      | Reached ** piety under Okawaru
 12191 | D:9      | Killed an unseen horror
 12617 | D:9      | Noticed a boulder beetle
 12630 | D:9      | Identified the ring of Votrolou {*Slow rCorr Str+3 Stlth+}
 12630 | D:9      | Noticed a tengu warrior
 12638 | D:9      | Killed a boulder beetle
 12638 | D:9      | Reached *** piety under Okawaru
 12639 | D:9      | Reached XP level 11. HP: 60/91 MP: 15/17
 12996 | D:9      | Reached skill level 14 in Axes
 13286 | D:9      | Killed a tengu warrior
 13520 | D:9      | Noticed a sixfirhy
 13843 | D:9      | Found a hazy altar of Hepliaklqana.
 13907 | D:9      | Killed a manticore
 14264 | D:9      | Identified the +6 scimitar "Zonoily" {protect, rC- rCorr
                  | Str+5}
 14264 | D:9      | Noticed a centaur warrior
 14275 | D:9      | Killed a centaur warrior
 14324 | D:9      | Reached **** piety under Okawaru
 14670 | D:10     | Entered Level 10 of the Dungeon
 14686 | D:10     | Noticed a two-headed ogre
 14690 | D:10     | Reached skill level 15 in Axes
 14858 | D:11     | Found a staircase to the Lair.
 14906 | D:11     | Reached ***** piety under Okawaru
 15928 | D:11     | Reached skill level 10 in Fighting
 15928 | D:11     | Reached skill level 16 in Axes
 16296 | D:10     | Noticed a deep elf pyromancer
 16296 | D:10     | Found the +7 great mace "Firestarter" {inner flame, rF++}
 16308 | D:10     | Reached XP level 12. HP: 65/106 MP: 18/18
 16686 | D:10     | Reached skill level 17 in Axes
 17058 | D:10     | Found a hide-covered altar of Uskayaw.
 17152 | D:10     | Identified the +1 pair of gloves of the Earth {Will+ Dex+3}
                  | (Okawaru gifted it to you on level 10 of the Dungeon)
 17152 | D:10     | Received a gift from Okawaru
 17163 | D:10     | Killed a two-headed ogre
 17424 | D:10     | Found a white marble altar of Elyvilon.
 17425 | D:10     | Noticed a two-headed ogre
 17434 | D:10     | Killed a two-headed ogre
 17757 | Lair:1   | Entered Level 1 of the Lair of Beasts
 17774 | Lair:1   | Reached skill level 5 in Armour
 17895 | Lair:1   | Reached skill level 18 in Axes
 18140 | Lair:1   | Noticed a five-headed hydra
 18161 | Lair:1   | Killed a five-headed hydra
 18810 | Lair:1   | Reached skill level 1 in Maces & Flails
 19022 | Lair:1   | Identified the +1 ring mail "Ogimoy" {Str+7 Int+5 Stlth+}
 19282 | Lair:2   | Noticed a five-headed hydra
 19287 | Lair:2   | Killed a five-headed hydra
 19287 | Lair:2   | Noticed a seven-headed hydra
 19291 | Lair:2   | Noticed a six-headed hydra
 19299 | Lair:1   | Killed a seven-headed hydra
 19670 | Lair:2   | HP: 4/106 [six-headed hydra (5)]
 19670 | Lair:2   | Slain by a six-headed hydra

Illustrated notes

Levels and vault maps discovered:
D:1:      roderic_octagonal_star, layout_basic
D:2:      layout_loops_corners, basic_altar, minmay_misc_feat_rows
D:3:      layout_rooms, serial_glass, glass_columns_a, glass_columns_a,
          ebering_ecumenical_altar_box
D:4:      layout_loops_ring, minmay_temple_entry_glass, minmay_manual_mares,
          uniq_duvessa
D:5:      layout_loops_ring, minmay_shop_enchanted_jewellery,
          grunt_ministairs_13
D:6:      minmay_goblin_kobold_castle, layout_cave_pods,
          nicolae_overflow_crystal_walls, mainiacjoe_overflow_large_starburst,
          cheibrodos_sewer_entry_sluice, minmay_misc_feat_hallway, minivault_25
D:7:      layout_basic, cheibriados_altar_1,
          gammafunk_temple_overflow_forgotten, serial_shops, shop_fountains,
          hangedman_abyss_or_decor_passed, chequers_avenue
D:8:      layout_loops_corners, mainiacjoe_overflow_chevrons,
          ebering_ghost_disaster_area, minivault_10, uniq_erica, uniq_psyche
D:9:      minmay_the_grid_square_5x5_3x3 [minmay_the_grid_square_5x5_percent,
          minmay_the_grid_square_5x5_inner_v, minmay_the_grid_square_5x5_c,
          minmay_the_grid_square_5x5_intrusive_squares,
          minmay_the_grid_square_5x5_megaprize_diamond,
          minmay_the_grid_square_5x5_shuriken, minmay_the_grid_square_5x5_forky,
          minmay_the_grid_square_5x5_z, minmay_the_grid_square_5x5_minivault],
          layout_layer_cave, nzn_hepliaklqana_mist_gate, uniq_maurice
D:10:     minmay_firetagon, layout_rooms, elyvilon_altar_3,
          nicolae_uskayaw_dance_studio
D:11:     layout_irregular_city, david_lair_generic
Temple:   chequers_temple_sunken
Lair:1:   layout_cave_pods
Lair:2:   nzn_winding_woodlands_cross [nzn_winding_woodlands_5x15_eye,
          nzn_winding_woodlands_5x15_garden, nzn_winding_woodlands_5x15_zeroes,
          nzn_winding_woodlands_5x15_pockets,
          nzn_winding_woodlands_15x15_five_gardens], layout_long_grid,
          guppyfry_snake_entry_island

Skill      XL: |  1  2  3  4  5  6  7  8  9 10 11 12 |
---------------+-------------------------------------+-----
Axes           | 3 4 5 6 8 9 11 13 16 18 | 18.0
Shields        | 11 14 | 14.6
Fighting       | 5 6 10 | 10.0
Invocations    | 9 |  9.2
Armour         | 8 |  8.1
Maces & Flails | 4 |  4.1

Action                   |  1- 3 |  4- 6 |  7- 9 | 10-12 || total
-------------------------+-------+-------+-------+-------++-------
Melee: War axe           |    80 |    33 |       |       ||   113
       Broad axe         |       |    95 |   441 |   497 ||  1033
       Kick              |       |       |    34 |     3 ||    37
       Great mace        |       |       |       |    17 ||    17
       Flail             |       |       |       |    12 ||    12
Invok: Heroism           |       |       |       |     1 ||     1
  Use: Potion            |     1 |     2 |     8 |    13 ||    24
       Scroll            |       |     6 |     5 |    11 ||    22
Armor: Scale mail        |    31 |    35 |       |       ||    66
       Chain mail        |       |    21 |   171 |   133 ||   325
       Plate armour      |       |       |       |    70 ||    70
Dodge: Dodged            |    41 |    56 |   123 |   125 ||   345
Block: Buckler           |    20 |    24 |   119 |    63 ||   226
       Kite shield       |       |       |       |   257 ||   257
       Reflection        |       |       |       |     7 ||     7
       Other             |       |       |       |    20 ||    20
